 Dungeon Crawl Stone Soup version 0.27.0-1-g7a089689b8 (webtiles) character file.

Game seed: 506597413550185904

8 BOMJPIETVODKU the Digger (level 2, 16/18 HPs)
             Began as an Octopode Earth Elementalist on Aug 2, 2021.
             Quit the game on level 1 of the Dungeon.
             The game lasted 00:03:56 (483 turns).

BOMJPIETVODKU the Digger (OpEE)                      Turns: 483, Time: 00:03:56

Health: 16/18      AC:  1    Str:  7    XL:     2   Next: 8%
Magic:  5/5        EV: 13    Int: 17    God:
Gold:   5          SH:  0    Dex: 12    Spells: 4/5 levels left

rFire    . . .     SeeInvis .   (no weapon)
rCold    . . .     Faith    .   (no shield)
rNeg     . . .     Spirit   .   (helmet restricted)
rPois    .         Reflect  .   (no amulet)
rElec    .         Harm     .   (no ring)
rCorr    .         Rampage  .   (no ring)
Will     .....                  (no ring)
Stlth    +++.......             (no ring)
HPRegen  0.06/turn              (no ring)
MPRegen  0.09/turn              (no ring)
                                (no ring)
                                (no ring)

@: no status effects
A: almost no armour, amphibious, 8 rings, camouflage 1, gelatinous body 1,
(nimble swimmer 1), tentacles
a: no special abilities


You were on level 1 of the Dungeon.
You visited 1 branch of the dungeon, and saw 1 of its levels.

You collected 5 gold pieces.

Inventory:

Missiles
 b - 26 stones
Scrolls
 a - a scroll of identify {unknown}
Potions
 c - 2 potions of curing {unknown}


   Skills:
 * Level 0.8 Fighting
 + Level 2.0 Dodging
 + Level 2.7 Stealth
 * Level 2.0 Spellcasting
 + Level 1.0 Transmutations
 + Level 3.2 Earth Magic


You had 4 spell levels left.
You knew the following spells:

 Your Spells              Type           Power      Damage    Failure   Level
a - Sandblast             Erth           24%        2d8       4%          1

Your spell library contained the following spells:

 Spells                   Type           Power      Damage    Failure   Level
 Passwall                 Tmut/Erth      6%         N/A       12%         2
 Stone Arrow              Conj/Erth      14%        3d7       30%         3
 Petrify                  Tmut/Erth      8%         N/A       63%         4


Dungeon Overview and Level Annotations

Branches:
Dungeon (1/15)

Altars:


Innate Abilities, Weirdness & Mutations

You cannot wear most types of armour.
You are amphibious.
You can wear up to eight rings at the same time.
Your skin changes colour to match your surroundings (Stealth+).
Your rubbery body absorbs attacks. (AC +1, EV +1)
((You are camouflaged near water. (Stealth+)))
You have tentacles for arms and can constrict up to eight enemies at once.


Message History

A ball python comes into view.
Found 2 fizzy red potions.
The blast of sand hits the ball python!
You kill the ball python!
Found a stone staircase leading down.
A goblin comes into view. It is wielding a +0 club.
The goblin shouts!
You see here 2 fizzy red potions.
The goblin hits you with a +0 club.
You tentacle-slap the goblin. You grab the goblin. You squeeze the goblin.
You kill the goblin!
You have reached level 2!
Things that are here:
a +0 club; a goblin corpse
c - 2 fizzy red potions You start resting.
Magic restored.
You start resting.
HP restored.
Found a stone staircase leading down.
Found an escape hatch in the floor.
A rat comes into view.
Found 5 gold pieces.
Are you sure you want to abandon this character and quit the game? (Confirm with "yes".)
Okay, then.
Unknown command.
Unknown command.
Welcome back, BOMJPIETVODKU the Octopode Earth Elementalist.
Press ? for a list of commands and other information.
Welcome back, BOMJPIETVODKU the Octopode Earth Elementalist.
Press ? for a list of commands and other information.
You see here 5 gold pieces.
The rat barely misses you.
Unknown command.
The rat bites you.
You barely miss the rat. You grab the rat. You squeeze the rat.
You kill the rat!
You see here a rat corpse.
You now have 5 gold pieces.
Are you sure you want to abandon this character and quit the game? (Confirm with "yes".)

##...#
#.##....# ##..#
#.# .#..# #..#
#.# ...#
#..###.####.###
#.............#
##.####.###.#.#
#.# #.# #.#.##
#.#
#.###....####
..>
........†@...+
#>#
##.###....####
#.# #.......##
#.# #####.###
#.# ..# .#. #.


There were no monsters in sight!

Vanquished Creatures
  2 ball pythons (D:1)
  An endoplasm (D:1)
  A goblin (D:1)
  A kobold (D:1)
  A quokka (D:1)
  A rat (D:1)
7 creatures vanquished.

Notes
Turn   | Place    | Note
-------+----------+-------------------------------------------
     0 | D:1      | BOMJPIETVODKU the Octopode Earth Elementalist began the
                  | quest for the Orb.
     0 | D:1      | Reached XP level 1. HP: 11/11 MP: 3/3
   114 | D:1      | Found a faded altar of an unknown god.
   330 | D:1      | Reached XP level 2. HP: 12/18 MP: 3/5
   483 | D:1      | Quit the game

Illustrated notes

Levels and vault maps discovered:
D:1:      saegor_arrival_simple_e, layout_loops_corners,
          hellmonk_ecumenical_altar_blasted

Action                   || total
-------------------------++-------
Melee: Unarmed           ||     6
       Constrict         ||     3
       Tentacles         ||     2
 Cast: Sandblast         ||     5
Armor: Skin              ||     1
Dodge: Dodged            ||     4
